 Dungeon Crawl Stone Soup version 0.23.2-33-g5129a83184 (webtiles) character file.

Game seed: 16789473392326625011

394 funkygono the Slinger (level 7, -7/46 HPs)
             Began as a Halfling Hunter on July 21, 2019.
             Blown up by Ijyb (20 damage)
             ... with a wand of disintegration (7)
             ... on level 3 of the Dungeon.
             The game lasted 00:09:07 (3788 turns).

funkygono the Slinger (Halfling Hunter)             Turns: 3788, Time: 00:09:08

Health: -7/46      AC:  9    Str: 13    XL:     7   Next: 8%
Magic:  7/7        EV: 15    Int: 12    God:
Gold:   72         SH:  0    Dex: 17    Spells: 6/6 levels left

rFire    . . .     SeeInvis .   a - +0 short sword
rCold    + . .     Gourm    .   (shield restricted)
rNeg     . . .     Faith    .   u - +2 leather armour {rC+}
rPois    .         Spirit   .   (no helmet)
rElec    .         Reflect  .   j - +1 cloak
rCorr    .         Harm     .   r - +0 pair of gloves
MR       .....                  v - +0 pair of boots
Stlth    +.........             (no amulet)
HPRegen  0.15/turn              l - ring of attention (curse)
MPRegen  0.10/turn              o - +3 ring of intelligence

@: no status effects
A: small, mutation resistance 1
a: no special abilities


You were on level 3 of the Dungeon.
You were not hungry.

You visited 1 branch of the dungeon, and saw 3 of its levels.

You collected 72 gold pieces.

Inventory:

Hand Weapons
 a - a +0 short sword (weapon)
 b - a +1 hunting sling
Missiles
 e - 87 stones (quivered)
 q - 9 sling bullets
Armour
 j - a +1 cloak (worn)
 r - a +0 pair of gloves (worn)
 u - a +2 leather armour of cold resistance (worn)
 v - a +0 pair of boots (worn)
Jewellery
 l - a cursed ring of attention (left hand)
 o - a +3 ring of intelligence (right hand)
Scrolls
 c - a scroll of identify
 k - 2 scrolls of remove curse {unknown}
Potions
 g - a potion of might {unknown}
 h - 2 potions of curing
 i - 2 potions of cancellation
 m - a potion of ambrosia
 n - 2 potions of brilliance
 p - 2 potions of mutation
 t - a potion of flight {unknown}
Comestibles
 d - 3 chunks of flesh
 f - 12 rations


   Skills:
 + Level 3.2 Fighting
 + Level 2.7 Short Blades
 + Level 8.2 Slings
 + Level 2.8 Armour
 + Level 3.1 Dodging
 + Level 1.3 Stealth


You had 6 spell levels left.
You didn't know any spells.
Your spell library was empty.

Dungeon Overview and Level Annotations

Branches:
Dungeon (3/15)

Altars:
Nemelex Xobeh
Trog
Zin

Annotations:
D:3 Ijyb


Innate Abilities, Weirdness & Mutations

You are small and have problems with some larger weapons.
You are somewhat resistant to further mutation.


Message History

Press: ? - help, Shift-Dir - straight line, f/p - Ijyb
Aim: Ijyb, wielding a +0 club, wearing a +0 ring mail and carrying a wand of disintegration (8) (severely wounded, fast)
You shoot a sling bullet. The sling bullet hits Ijyb.
Ijyb is severely wounded.
Ijyb hits you but does no damage.
You feel much better.
Ijyb zaps a wand.
You are blasted!
* * * LOW HITPOINT WARNING * * *
Wield which item (- for none, * to show all)? (? for menu, Esc to quit)
a - a +0 short sword (weapon)
Ijyb hits you but does no damage.
You hit Ijyb but do no damage.
Ijyb is severely wounded.
Ijyb hits you but does no damage.
You hit Ijyb.
Ijyb is severely wounded.
Ijyb barely misses you.
You hit Ijyb.
Ijyb is almost dead.
Ijyb zaps a wand.
You are blasted!
You die...

###.#..[.......##
##......########
.#..#......#
......####.#
##<##.# #.##
#....# #..###
....#.# ##...#
....# .
###.#########...
♣....
#...@g((((.>..
♣...
########......
.## ##("( # . ♣ ♣
♣ ♣


You could see Ijyb.

Vanquished Creatures
  An ogre (D:3)
  Terence (D:3)
  Natasha (thrice) (D:3)
  4 gnolls (D:2)
  9 adders
  2 oozes
  A worm (D:2)
  6 dart slugs
  3 leopard geckos
  An orc (D:2)
  2 giant cockroaches (D:1)
  5 goblins
  9 hobgoblins
  6 jackals
  9 kobolds
  6 bats
  4 frilled lizards
  7 rats
79 creatures vanquished.

Notes
Turn   | Place    | Note
-------+----------+-------------------------------------------
     0 | D:1      | funkygono the Halfling Hunter began the quest for the Orb.
     0 | D:1      | Reached XP level 1. HP: 14/14 MP: 1/1
   106 | D:1      | Reached skill level 6 in Slings
   127 | D:1      | Reached XP level 2. HP: 14/19 MP: 2/2
   464 | D:1      | Reached XP level 3. HP: 24/24 MP: 3/3
  1325 | D:2      | Reached XP level 4. HP: 29/29 MP: 4/4
  1336 | D:2      | Reached skill level 1 in Short Blades
  1336 | D:2      | Reached skill level 7 in Slings
  1636 | D:2      | Reached skill level 1 in Armour
  1667 | D:2      | Reached XP level 5. HP: 13/35 MP: 5/5
  2493 | D:2      | Found a bloodstained altar of Trog.
  2493 | D:2      | Found a sparkling altar of Nemelex Xobeh.
  3015 | D:3      | Noticed Natasha
  3017 | D:3      | Killed Natasha
  3017 | D:3      | Reached XP level 6. HP: 41/41 MP: 6/6
  3072 | D:3      | Noticed Natasha
  3093 | D:3      | Killed Natasha
  3298 | D:3      | Noticed Terence
  3303 | D:3      | Killed Terence
  3393 | D:3      | Found a faded altar of an unknown god.
  3414 | D:3      | Noticed Natasha
  3423 | D:3      | Killed Natasha
  3480 | D:3      | Noticed an ogre
  3484 | D:3      | Killed an ogre
  3484 | D:3      | Reached skill level 8 in Slings
  3484 | D:3      | Reached XP level 7. HP: 46/46 MP: 7/7
  3717 | D:3      | Found a glowing silver altar of Zin.
  3763 | D:3      | Noticed Ijyb
  3788 | D:3      | Blown up by Ijyb

Skill      XL: |  1  2  3  4  5  6 |
---------------+-------------------+-----
Slings         | 6 7 8 |  8.2
Fighting       | 2 3 |  3.2
Short Blades   | 1 2 |  2.7
Armour         | 1 2 |  2.8
Dodging        | 3 |  3.1
Stealth        | |  1.3

Action                   |  1- 3 |  4- 6 |  7- 9 || total
-------------------------+-------+-------+-------++-------
Melee: Short sword       |    64 |   129 |    11 ||   204
 Fire: Hunting sling     |    53 |    80 |    27 ||   160
  Use: Scroll            |     8 |     3 |       ||    11
       Potion            |       |     1 |     1 ||     2
  Eat: Chunk             |     1 |     7 |     1 ||     9
Armor: Leather armour    |     8 |    35 |     9 ||    52
Dodge: Dodged            |    52 |   104 |    17 ||   173
